 Dungeon Crawl Stone Soup version 0.26-a0-665-gefeb406119 (console) character file.

Game seed: 15996136960003180107

550 om the Firebug (level 7, -1/36 HPs)
             Began as a Gargoyle Fire Elementalist on Oct 13, 2020.
             Slain by a black bear (3 damage)
             ... on level 5 of the Dungeon.
             The game lasted 00:10:23 (6534 turns).

om the Firebug (Gargoyle Fire Elementalist)         Turns: 6534, Time: 00:10:24

Health: -1/36      AC:  8    Str: 13    XL:     7   Next: 29%
Magic:  5/10       EV: 12    Int: 15    God:
Gold:   62         SH:  0    Dex: 11    Spells: 9/10 levels left

rFire    + + .     SeeInvis .   c - +0 club
rCold    . . .     Faith    .   (no shield)
rNeg     + . .     Spirit   .   x - +1 robe of Xiasaifom {rF++ Slay+2}
rPois    ∞         Reflect  .   (no helmet)
rElec    +         Harm     .   (no cloak)
rCorr    .         Rampage  .   e - +0 pair of gloves (curse)
MR       .....                  (no boots)
Stlth    +.........             v - amulet of inaccuracy (curse)
HPRegen  0.12/turn              (no ring)
MPRegen  0.12/turn              (no ring)

@: confused, mighty
A: negative energy resistance 1, electricity resistance, unbreathing,
petrification resistance, rot immunity, AC +4
a: no special abilities


You were on level 5 of the Dungeon.
You visited 1 branch of the dungeon, and saw 6 of its levels.

You collected 198 gold pieces.
You spent 136 gold pieces at shops.

Inventory:

Hand Weapons
 c - a +0 club (weapon)
Armour
 a - a +0 robe
 e - a cursed +0 pair of gloves (worn)
 k - a +0 kite shield
 x - the +1 robe of Xiasaifom (worn) {rF++ Slay+2}
   (You bought it in a shop on level 4 of the Dungeon)

   It affects your accuracy and damage with ranged weapons and melee attacks
   (+2).
   It greatly protects you from fire.
Jewellery
 s - an uncursed amulet of magic regeneration
 v - a cursed amulet of inaccuracy (around neck)
Wands
 l - a wand of iceblast (7)
Scrolls
 d - 2 scrolls of remove curse {unknown}
 g - a scroll of fear
 h - a scroll of enchant armour {unknown}
 i - a scroll of immolation {unknown}
 m - a scroll of enchant weapon {unknown}
 n - 2 scrolls of amnesia
 o - a scroll of random uselessness {unknown}
 q - a scroll of fog {unknown}
 r - 2 scrolls of teleportation {unknown}
 t - a scroll of blinking {unknown}
 u - 3 scrolls of identify {unknown}
Potions
 b - 2 potions of brilliance
 j - a potion of heal wounds {unknown}
 w - a potion of cancellation
 z - a potion of berserk rage {unknown}


   Skills:
 - Level 1.5 Dodging
 - Level 2.1 Stealth
 - Level 5.0 Shields
 + Level 2.0 Spellcasting
 - Level 3.0 Conjurations
 - Level 6.0 Fire Magic


You had 9 spell levels left.
You knew the following spells:

 Your Spells              Type           Power        Failure   Level
a - Foxfire               Conj/Fire      ###.         3%          1

Your spell library contained the following spells:

 Spells                   Type           Power        Failure   Level
 Conjure Flame            Conj/Fire      ###.....     11%         3
 Inner Flame              Hex/Fire       ##......     19%         3
 Sticky Flame             Conj/Fire      ###.....     34%         4
 Fireball                 Conj/Fire      ###.......   67%         5


Dungeon Overview and Level Annotations

Branches:
Dungeon (6/15)
 Temple: D:4-7

Altars:
Cheibriados
Fedhas
Gozag
Okawaru
Ru
Trog
Uskayaw
Zin

Shops:
D:4 [   D:5 :


Innate Abilities, Weirdness & Mutations

You are resistant to torment.
Your stone body is resilient. (AC +4)
You are immune to poison.
You resist negative energy. (rN+)
You are resistant to electric shocks. (rElec)
You can survive without breathing.
You are immune to petrification.
You are immune to rotting.


Message History

You assume a fearsome visage.
The black bear completely misses you.
The black bear claws you but does no damage.
The black bear closely misses you. The black bear bites you.
* * * LOW HITPOINT WARNING * * *
The black bear closely misses you. x2
Okay, then.
Unknown command.
It was a potion of might.
You feel very mighty all of a sudden. The black bear misses you.
The black bear claws you but does no damage.
The black bear closely misses you.
It was a potion of ambrosia.
You are confused.
You feel invigorated. The black bear misses you.
The black bear claws you but does no damage.
The black bear barely misses you. The black bear bites you.
* * * LOW HITPOINT WARNING * * *
The black bear claws you.
You die...

'########..##.####....##......##
......................''.......#
.#########..#.####.............#
.#<..)....[.#.# #..............#
.#########..#.# #..............#
.# #..#.# ##....########.# .#
#....# #....# #S# .# #.#..#
###### #§# .# ######.#..# #.##
.# #....#.#..##### #..o .#
#....#...>.h@.# ####
.####...........###
.......)('.##.###
#####....#####.## #####(...#
##.## .........# ##.##
......#### ##.## ......# ##.##
......# ##.# ......# ### #######


You could see a black bear (berserk).

Vanquished Creatures
  An ogre (D:4)
  A howler monkey (D:4)
  2 hounds (D:4)
  An orc wizard (D:5)
  Jessica (D:2)
  A centaur skeleton (D:4)
  4 worker ants
  A hound skeleton (D:4)
  A worker ant zombie (D:5)
  5 adders
  4 gnolls (D:5)
  An ooze (D:2)
  2 dart slugs
  2 leopard geckos
  6 orcs
  2 giant cockroaches
  9 goblins
  6 hobgoblins
  4 jackals (D:2)
  A quokka (D:2)
  9 bats
  6 frilled lizards
  5 kobolds
  A leopard gecko zombie (D:5)
  A quokka skeleton (D:4)
  9 rats
86 creatures vanquished.

Vanquished Creatures (others)
  323 foxfires
323 creatures vanquished.

Grand Total: 409 creatures vanquished

Notes
Turn   | Place    | Note
-------+----------+-------------------------------------------
     0 | D:1      | om the Gargoyle Fire Elementalist began the quest for the
                  | Orb.
     0 | D:1      | Reached XP level 1. HP: 10/10 MP: 3/3
   217 | D:1      | Reached XP level 2. HP: 14/15 MP: 3/5
   768 | D:1      | Reached XP level 3. HP: 19/19 MP: 2/6
  1015 | D:1      | You fall into a shaft and drop 1 floor!
  1140 | D:2      | Noticed Jessica
  1143 | D:2      | Killed Jessica
  1143 | D:2      | Reached skill level 4 in Fire Magic
  1143 | D:2      | Reached XP level 4. HP: 24/24 MP: 4/7
  2320 | D:3      | You fall into a shaft and drop 1 floor!
  2340 | D:4      | Noticed an ogre
  2349 | D:4      | Killed an ogre
  2349 | D:4      | Reached XP level 5. HP: 28/28 MP: 0/8
  2447 | D:3      | Found a glowing silver altar of Zin.
  2474 | D:4      | Reached skill level 5 in Fire Magic
  2833 | D:4      | Found Ysoi's Antique Armour Shoppe.
  3562 | D:4      | Reached XP level 6. HP: 32/32 MP: 3/9
  3873 | D:4      | Bought a colourful robe for 136 gold pieces
  3883 | D:4      | Identified the +1 robe of Xiasaifom {rF++ Slay+2} (You
                  | bought it in a shop on level 4 of the Dungeon)
  4197 | D:4      | Found an opulent altar of Gozag.
  4215 | D:4      | Found a snail-covered altar of Cheibriados.
  4216 | D:4      | Found a sacrificial altar of Ru.
  4216 | D:4      | Found a hide-covered altar of Uskayaw.
  4217 | D:4      | Found a blossoming altar of Fedhas.
  4560 | D:4      | Found an iron altar of Okawaru.
  4588 | D:4      | Found a bloodstained altar of Trog.
  4953 | D:5      | Entered Level 5 of the Dungeon
  4998 | D:5      | Reached XP level 7. HP: 36/36 MP: 3/10
  5173 | D:5      | Reached skill level 6 in Fire Magic
  6216 | D:5      | Reached skill level 5 in Shields
  6461 | D:5      | Found Zecrorch's Book Emporium.
  6534 | D:5      | Slain by a black bear

Illustrated notes

Levels and vault maps discovered:
D:1:      dpeg_arrival_houses_and_road, layout_basic, minmay_pentomino_u4
D:2:      layout_basic, uniq_jessica
D:3:      layout_basic, nicolae_overflow_hidden_temple, interstate_on_off
D:4:      layout_gridville, grunt_temple_overflow_bloody_war, kennysheep_mini,
          chequers_temple_overflow_statue_of_worship, serial_shops,
          kennysheep_little_box, minmay_goblin_outpost
D:5:      layout_basic, serial_shops, kennysheep_mini_moat
D:6:      layout_loops_ring, basic_altar

Skill      XL: |  1  2  3  4  5  6  7 |
---------------+----------------------+-----
Conjurations   | 2 3 |  3.0
Fire Magic     | 4 5 6 |  6.0
Shields        | 2 4 5 |  5.0
Dodging        | |  1.5
Stealth        | |  2.1
Spellcasting   | |  2.0

Action                   |  1- 3 |  4- 6 |  7- 9 || total
-------------------------+-------+-------+-------++-------
Melee: Club              |    13 |    47 |    44 ||   104
       Unarmed           |     1 |       |       ||     1
 Cast: Foxfire           |    37 |   114 |    59 ||   210
  Use: Scroll            |       |     2 |     3 ||     5
       Potion            |       |       |     4 ||     4
 Stab: Sleeping          |     1 |     1 |       ||     2
Armor: Robe              |    10 |    42 |    60 ||   112
Dodge: Dodged            |    23 |    73 |    89 ||   185

Table legend: (Time is in decaauts)
 A = Elapsed time spent in this place.
 B = Non-inter-level travel time spent in this place.
 C = Inter-level travel time spent in this place.
 D = Time resting spent in this place.
 E = Time spent auto-exploring this place.
 F = Levels seen in this place.
 G = Mean time per level.
                   A        B        C        D        E       F      G
               +--------+--------+--------+--------+--------+-----+--------+
         Total |   6571 |   6321 |    250 |   1867 |   3417 |   6 | 1095.2 |
       Dungeon |   6571 |   6321 |    250 |   1867 |   3417 |   6 | 1095.2 |
               +--------+--------+--------+--------+--------+-----+--------+

Top non-repeatable levels by time:
     D:4: 2105 daAuts
     D:5: 1324 daAuts
     D:1: 1188 daAuts
     D:2: 976 daAuts
     D:3: 968 daAuts
     D:6: 7 daAuts
